Map: [EWC] Oceanborn

Players

Serral - Winner!

  • Race: Zerg Zerg
  • Spawn Location: 11:00

Dark

  • Race: Zerg Zerg
  • Spawn Location: 5:00

Event: Esports World Cup 2024

VOD

Have the link to the VOD?

Description

Time

  • Played on: Aug. 18, 2024, 7:42 a.m.
  • Length: 15:19

All games in this series

Show
View Real Time Build Order
Export as new Build Order

Serral Zerg - Winner!

Build Orders: Hatch First 

Get SALT Encoding   

  12  0:00  Drone  
  13  0:13  Overlord  
  13  0:17  Drone  
  14  0:31  Drone x2  
  16  0:48  Hatchery  
  15  0:51  Drone  
  15  0:54  Drone  
  17  0:58  Drone  
  18  1:09  Extractor  
  17  1:13  Spawning Pool  
  17  1:16  Drone  
  17  1:19  Drone  
  18  1:29  Drone  
  19  1:39  Drone  
  20  1:51  Drone  
  21  2:00  Queen x2  
  21  2:01  Zergling x2, Overlord  
  26  2:08  Metabolic Boost  
  26  2:11  Drone  
  26  2:12  Drone  
  28  2:21  Drone  
  28  2:22  Drone  
  30  2:33  Hatchery  
  30  2:35  Drone  
  30  2:38  Drone  
  30  2:42  Drone  
  32  2:46  Baneling Nest  
  32  2:49  Overlord  
  31  2:53  Drone  
  31  2:55  Zergling x2  
  33  3:04  Drone  
  33  3:05  Drone  
  35  3:07  Zergling x2  
  35  3:08  Zergling x4  
  35  3:10  Drone x2  
  40  3:13  Overlord  
  40  3:18  Zergling x2  
  40  3:19  Drone  
  42  3:23  Queen  
  44  3:31  Drone  
  44  3:32  Roach Warren  
  44  3:34  Drone  
  44  3:40  Drone x3  
  48  3:42  Baneling  
  48  3:46  Drone  
  48  3:47  Drone x3  
  52  3:50  Extractor  
  52  3:52  Overlord  
  52  3:55  Drone, Zergling x2  
  52  3:57  Drone  
  52  4:02  Drone  
  55  4:03  Overlord  
  55  4:14  Zergling x8  
  55  4:15  Baneling x2  
  58  4:17  Overlord  
  58  4:18  Drone  
  58  4:19  Overlord  
  59  4:24  Overlord  
  59  4:35  Roach x3  
  59  4:38  Roach x4  
  72  4:48  Roach x5  
  77  4:56  Roach x3  
  81  5:01  Extractor  
  81  5:06  Drone x4  
  84  5:10  Roach x3  
  90  5:15  Evolution Chamber  
  90  5:16  Overlord x2  
  90  5:20  Roach x2  
  93  5:23  Overlord  
  93  5:29  Roach x2  
  93  5:32  Overlord  
  93  5:33  Overlord  
  97  5:36  Roach x2  
  102  5:43  Roach x3  
  102  5:46  Roach  
  102  5:47  Roach  
  113  5:57  Roach x3  
  113  6:02  Overlord  
  117  6:06  Roach x3  
  123  6:14  Zergling x2, Roach x2  
  123  6:18  Zergling x10  
  127  6:21  Zergling x2  
  127  6:22  Zergling x4  
  127  6:25  Zergling x2  
  121  6:28  Zergling x4  
  121  6:29  Zergling x2  
  121  6:31  Zergling x4  
  116  6:35  Baneling x2  
  116  6:36  Zergling x6  
  116  6:39  Zergling x2  
  107  6:43  Zergling x4  
  106  6:51  Zergling x2  
  106  6:52  Zergling x4  
  104  6:55  Zergling x6  
  104  6:57  Zergling x6  
  106  7:03  Ravager x5  
  106  7:04  Zergling x2  
  106  7:05  Zergling x4  
  114  7:13  Zergling x2  
  114  7:14  Evolution Chamber  
  113  7:17  Zergling x10  
  113  7:19  Baneling x5  
  118  7:24  Zergling x6  
  119  7:31  Lair  
  119  7:32  Zergling x6  
  102  7:40  Drone  
  102  7:41  Drone x4  
  102  7:43  Drone  
  102  7:44  Drone x2  
  108  7:49  Drone x2  
  110  7:51  Overlord  
  110  7:56  Overlord  
  110  8:01  Overlord  
  110  8:02  Roach x3  
  110  8:05  Roach x3  
  122  8:15  Roach x6  
  122  8:17  Overlord  
  122  8:18  Extractor  
  133  8:20  Zerg Missile Weapons Level 1  
  133  8:22  Drone x2  
  133  8:25  Extractor  
  133  8:26  Drone  
  135  8:28  Drone  
  135  8:31  Overseer  
  135  8:32  Overlord  
  136  8:35  Drone x2  
  136  8:37  Roach x3  
  136  8:39  Drone x2  
  146  8:47  Glial Reconstitution  
  145  8:50  Overlord  
  145  8:55  Extractor  
  145  8:56  Drone  
  145  8:57  Roach x2  
  149  9:03  Overlord  
  149  9:04  Hatchery, Overseer  
  149  9:08  Roach  
  149  9:09  Roach x3  
  156  9:13  Overlord  
  156  9:16  Pneumatized Carapace  
  156  9:17  Evolution Chamber  
  156  9:22  Roach x3  
  161  9:29  Roach x3  
  167  9:36  Overlord  
  167  9:41  Roach x5  
  167  9:44  Zerg Ground Armor Level 1  
  177  9:46  Overlord  
  177  9:55  Overlord  
  177  9:56  Roach x4  
  185  10:04  Burrow  
  185  10:05  Tunneling Claws  
  185  10:13  Roach x6  
  197  10:19  Queen  
  197  10:20  Zerg Missile Weapons Level 2  
  199  10:25  Ravager  
  200  10:34  Overseer  
  200  10:35  Overseer  
  200  10:50  Roach x2  
  200  10:53  Roach x2  
  200  10:57  Overlord  
  200  11:01  Drone x3  
  197  11:05  Roach  
  197  11:17  Roach  
  195  11:18  Roach x2  
  195  11:22  Roach x4  
  189  11:35  Roach x2  
  189  11:36  Roach  
  189  11:38  Roach x29  
  189  11:39  Roach x7  
  199  11:44  Zerg Ground Armor Level 2  
  195  11:49  Roach x5  
  197  11:57  Roach x2  
  197  12:00  Roach  
  195  12:13  Roach x3  
  195  12:15  Roach x3  
  199  12:22  Roach x5  
  197  12:26  Roach x2  
  197  12:27  Roach x2  
  193  12:37  Roach x3  
  193  12:43  Roach x4  
  199  12:45  Roach  
  199  12:46  Roach x2  
  199  12:49  Roach x2  
  199  12:55  Spire  
  199  12:58  Roach  
  200  12:59  Overlord x2  
  200  13:05  Roach  
  200  13:09  Extractor  
  200  13:10  Extractor  
  200  13:12  Roach x3  
  200  13:13  Roach x2  
  197  13:24  Roach x7  
  191  13:33  Roach x39  
  184  13:46  Roach x9  
  198  14:11  Roach x2  
  198  14:20  Mutalisk x2  
  198  14:26  Mutalisk  
  198  14:27  Mutalisk x3  
  198  14:30  Mutalisk  
  198  14:31  Mutalisk x3, Roach x40  
  194  14:36  Mutalisk x4  
  198  14:44  Mutalisk  
  200  14:51  Overlord  
  198  14:53  Mutalisk  
Show
View Real Time Build Order
Export as new Build Order

Dark Zerg 

Build Orders: Hatch First 

Get SALT Encoding   

  12  0:00  Drone  
  13  0:12  Overlord  
  13  0:17  Drone  
  14  0:30  Drone x2  
  16  0:47  Hatchery  
  15  0:52  Drone  
  15  0:54  Drone  
  17  0:57  Drone  
  18  1:08  Extractor  
  17  1:12  Spawning Pool  
  17  1:16  Drone  
  17  1:20  Drone  
  18  1:28  Drone  
  19  1:38  Drone  
  20  1:52  Drone  
  21  1:58  Queen  
  21  1:59  Queen  
  21  2:01  Overlord  
  25  2:02  Drone  
  26  2:09  Metabolic Boost  
  26  2:11  Drone x2  
  28  2:21  Drone  
  28  2:22  Drone  
  30  2:32  Hatchery  
  29  2:37  Zergling x2  
  29  2:38  Zergling x2  
  31  2:45  Baneling Nest  
  31  2:50  Drone, Overlord  
  31  2:59  Queen  
  31  3:00  Drone  
  31  3:03  Drone  
  35  3:10  Drone x2  
  35  3:11  Drone  
  35  3:12  Drone  
  39  3:15  Overlord  
  39  3:18  Zergling x2  
  40  3:20  Zergling x2  
  40  3:23  Zergling x2  
  42  3:29  Zergling x2  
  43  3:36  Drone x2  
  43  3:40  Drone  
  46  3:43  Drone  
  46  3:46  Drone x3, Evolution Chamber  
  49  3:50  Roach Warren  
  49  3:52  Drone x2  
  49  3:54  Drone  
  51  3:56  Baneling  
  51  3:57  Drone  
  52  4:05  Drone x2  
  52  4:06  Extractor x2  
  52  4:11  Drone x3  
  52  4:13  Overlord  
  52  4:14  Zerg Missile Weapons Level 1  
  55  4:18  Overlord  
  55  4:29  Roach  
  55  4:31  Overlord x2  
  57  4:32  Roach x3  
  57  4:36  Baneling  
  57  4:38  Roach x2  
  66  4:47  Roach x2  
  66  4:48  Roach x2  
  66  4:56  Roach x3  
  66  4:58  Roach  
  71  5:04  Drone, Roach  
  71  5:05  Drone x2  
  76  5:09  Roach  
  76  5:10  Roach  
  80  5:15  Roach  
  80  5:20  Roach x2  
  86  5:22  Roach  
  86  5:23  Overlord  
  86  5:26  Roach  
  90  5:32  Overlord  
  90  5:41  Overlord  
  90  5:45  Roach x4  
  98  5:51  Zergling x14  
  98  5:53  Zergling x2  
  106  5:58  Overlord  
  106  6:00  Roach  
  106  6:01  Zergling x4  
  110  6:07  Roach x2  
  114  6:15  Roach  
  106  6:18  Roach  
  106  6:19  Roach x2  
  106  6:20  Roach  
  106  6:22  Roach  
  106  6:24  Roach x2  
  104  6:28  Roach  
  104  6:31  Zergling x4  
  104  6:32  Zergling x6  
  107  6:34  Zergling x2  
  107  6:36  Zergling x2  
  93  6:43  Roach  
  93  6:44  Roach  
  93  6:48  Roach  
  87  6:54  Roach  
  87  6:57  Roach x2  
  83  7:02  Roach  
  83  7:06  Roach  
  88  7:08  Zergling x14  
  94  7:16  Roach  
  94  7:19  Roach x2  
  94  7:20  Queen  
  102  7:27  Roach  
  99  7:33  Roach x2  
  99  7:36  Roach  
  93  7:38  Roach x2  
  93  7:39  Roach  
  93  7:41  Zergling x8  
  98  7:50  Drone x2  
  100  7:51  Drone  
  101  8:00  Overlord  
  101  8:04  Drone x2  
  103  8:06  Baneling x2, Lair  
  103  8:07  Baneling x3  
  103  8:10  Overlord  
  103  8:12  Overlord  
  103  8:15  Overlord  
  103  8:29  Drone  
  103  8:30  Overlord x2  
  104  8:34  Drone  
  104  8:35  Drone x5  
  104  8:39  Drone x2  
  104  8:41  Drone, Ravager  
  114  8:49  Extractor  
  114  8:51  Roach x4  
  121  8:56  Drone x2, Extractor  
  121  8:57  Roach  
  124  9:03  Glial Reconstitution  
  124  9:04  Zerg Missile Weapons Level 2  
  124  9:07  Roach  
  124  9:08  Roach  
  128  9:13  Roach  
  130  9:17  Overlord x2  
  130  9:18  Overlord  
  130  9:23  Overlord  
  130  9:24  Overseer  
  130  9:31  Overlord  
  130  9:37  Drone x3  
  130  9:38  Drone  
  134  9:39  Ravager x2  
  134  9:40  Extractor, Roach x2  
  134  9:41  Roach x2  
  134  9:42  Drone  
  144  9:50  Roach x2  
  148  9:54  Ravager, Roach x3  
  148  9:58  Roach x2  
  159  10:07  Hatchery  
  159  10:10  Roach x2  
  162  10:17  Overlord x2  
  162  10:22  Overlord  
  162  10:26  Overlord  
  162  10:30  Overlord  
  162  10:36  Roach x6  
  162  10:37  Ravager x2  
  162  10:40  Ravager x2  
  162  10:42  Roach  
  180  10:47  Roach  
  180  10:54  Roach x8  
  192  10:58  Roach x2  
  192  11:02  Ravager x2, Roach  
  194  11:08  Roach x3  
  194  11:13  Ravager  
  194  11:14  Roach x2  
  197  11:20  Overseer  
  197  11:22  Roach x3  
  191  11:26  Roach  
  191  11:29  Roach x2  
  191  11:32  Roach x2  
  197  11:35  Roach x2  
  191  11:41  Roach  
  191  11:43  Roach x2  
  191  11:45  Roach  
  194  11:49  Roach  
  194  11:50  Roach  
  194  11:53  Roach  
  192  11:57  Pneumatized Carapace  
  192  12:00  Roach x2  
  195  12:06  Roach x2  
  195  12:08  Roach  
  193  12:11  Roach  
  193  12:13  Roach  
  191  12:16  Roach  
  191  12:18  Roach  
  191  12:20  Drone  
  191  12:22  Roach  
  190  12:25  Roach  
  192  12:30  Ravager x3  
  192  12:33  Roach  
  192  12:34  Roach  
  197  12:38  Roach  
  197  12:43  Roach x2  
  191  12:48  Roach x2  
  181  12:54  Roach  
  181  12:55  Roach  
  181  12:59  Roach  
  183  13:05  Roach  
  183  13:08  Roach  
  183  13:10  Roach  
  183  13:11  Ravager x2  
  164  13:31  Roach x5  
  154  13:36  Roach  
  154  13:37  Roach  
  156  13:44  Roach x2  
  156  13:46  Roach  
  162  13:49  Ravager  
  162  13:50  Ravager x2  
  162  13:52  Roach  
  167  13:57  Roach  
  167  13:59  Roach  
  167  14:02  Roach  
  173  14:06  Roach  
  175  14:10  Roach  
  175  14:14  Roach  
  175  14:16  Roach  
  177  14:19  Roach  
  177  14:24  Roach  
  177  14:29  Roach x2  
  177  14:32  Roach  
  166  14:40  Roach x2  
  166  14:44  Roach  
  170  14:52  Overseer  
  169  14:53  Drone  
Tags
 
Add a new tag
Caveats
  • Supply blocks, unpowered buildings, or Contaminate may cause inaccurate times.
  • Supply counts are checked every 10 seconds.